 Dungeon Crawl Stone Soup version 0.32-a0-815-g315f82d515 (webtiles) character file.

Game seed: 10932508486656628686

18454 Finalfun the Arsonist (level 12, -8/100 HPs)
             Began as a Mountain Dwarf Fire Elementalist on Mar 23, 2024.
             Was an Initiate of Gozag.
             Mangled by a wyvern (9 damage)
             ... on level 2 of the Lair of Beasts.
             The game lasted 00:48:07 (16163 turns).

Finalfun the Arsonist (MDFE)                       Turns: 16163, Time: 00:48:10

Health: -8/100     AC: 16    Str: 20    XL:     12   Next: 27%
Magic:  12/24      EV:  8    Int: 18    God:    Gozag
Gold:   1595       SH:  0    Dex: 16    Spells: 18/28 levels left

rFire   + + .        O - +8 scimitar "Effabriph" {protect, rN+ Stlth+}
rCold   x . .        (no shield)
rNeg    + . .        n - +0 fire dragon scales
rPois   .            (no helmet)
rElec   .            (no cloak)
rCorr   .            (no gloves)
SInv    .            o - +0 pair of boots
Will    +....        L - amulet of regeneration
Stlth   +            b - +6 ring of strength
HPRegen 1.16/turn    y - +6 ring of dexterity
MPRegen 0.19/turn

%: no passive effects
@: lethally poisoned (-8 -> -13), gold aura, under a protective aura
A: runic magic, artefact enchanting
a: Renounce Religion, Potion Petition, Call Merchant, Bribe Branch


You were on level 2 of the Lair of Beasts.
You worshipped Gozag.
Gozag was most pleased with you.
You visited 3 branches of the dungeon, and saw 14 of its levels.

You collected 2058 gold pieces.
You spent 180 gold pieces at shops.
You paid 283 gold pieces to Gozag.

Inventory:

Hand Weapons
 O - the +8 scimitar "Effabriph" (weapon) {protect, rN+ Stlth+}
   (You bought it in a shop on level 6 of the Dungeon)

   rN+:       It protects you from negative energy.
   Stlth+:    It makes you more stealthy.
Missiles
 k - 80 stones (quivered)
 x - a throwing net
 R - 6 poisoned darts
Armour
 n - +0 fire dragon scales (worn)
 o - a +0 pair of boots (worn)
 P - +0 acid dragon scales
Jewellery
 b - a +6 ring of strength (left hand)
 g - a ring of resist corrosion
 i - a +6 ring of strength
 y - a +6 ring of dexterity (right hand)
 B - a ring of flight
 L - an amulet of regeneration (around neck)
Talismans
 M - a flux talisman
Wands
 m - a wand of mindburst (14)
 v - a wand of paralysis (20)
 H - a wand of quicksilver (7)
 I - a wand of warping (19)
 Q - a wand of flame (7)
Scrolls
 a - 10 scrolls of teleportation
 d - 3 scrolls of enchant armour {unknown}
 e - 6 scrolls of enchant weapon
 j - a scroll of blinking {unknown}
 l - 2 scrolls of torment {unknown}
 p - 3 scrolls of vulnerability {unknown}
 r - 2 scrolls of fog
 u - a scroll of brand weapon {unknown}
 C - 3 scrolls of fear {unknown}
 E - 3 scrolls of poison {unknown}
 J - 3 scrolls of amnesia {unknown}
 K - a scroll of immolation {unknown}
 S - a scroll of silence {unknown}
Potions
 c - 3 potions of cancellation
 f - a potion of ambrosia
 h - 2 potions of might
 q - 3 potions of enlightenment
 s - a potion of brilliance
 t - 4 potions of haste
 w - 4 potions of curing
 z - 3 potions of mutation
 A - a potion of heal wounds
 D - a potion of resistance
 F - 2 potions of invisibility
 G - 2 potions of lignification
 N - a potion of attraction {unknown}


   Skills:
 - Level 7.0 Fighting
 - Level 0.7(4.0) Short Blades
 + Level 6.9 Long Blades
 - Level 0.7 Armour
 - Level 1.3 Dodging
 - Level 1.4 Stealth
 + Level 8.5 Spellcasting
 + Level 8.6 Conjurations
 - Level 3.0 Hexes
 + Level 12.6 Fire Magic
 - Level 5.0 Evocations


You had 18 spell levels left.
You knew the following spells:

 Your Spells              Type           Power      Damage    Failure   Level
a - Foxfire               Conj/Fire      100%       2x1d9     1%          1
b - Scorch                Fire           100%       2d9       1%          2
c - Inner Flame           Hex/Fire       35%        N/A       1%          3
d - Flame Wave            Conj/Fire      45%        2d12      1%          4

Your spell library contained the following spells:

 Spells                   Type           Power      Damage    Failure   Level
 Kiss of Death            Conj/Necr      92%        2d12      2%          1
 Sting                    Conj/Alch      92%        1d8       2%          1
 Volatile Blastmotes      Fire/Tloc      60%        2d15      2%          3
 Confusing Touch          Hex            18%        N/A       11%         3
 Mercury Vapours          Alch/Air       14%        N/A       19%         2
 Frozen Ramparts          Ice            14%        1d3       36%         3
 Ozocubu's Armour         Ice            7%         N/A       36%         3
 Dispel Undead            Necr           7%         3d8       77%         4
 Manifold Assault         Tloc           7%         N/A       77%         4
 Olgreb's Toxic Radiance  Alch           7%         N/A       77%         4
 Metabolic Englaciation   Hex/Ice        6%         N/A       88%         5
 Dispersal                Tloc           3%         N/A       100%        6
 Disjunction              Tloc           3%         N/A       100%        8


Dungeon Overview and Level Annotations

Branches:
Dungeon (11/15)            Temple (1/1) D:4            Lair (2/5) D:11
    Orc (0/2) D:11
  Swamp: Lair:2-3    Shoals: Lair:2-3     Snake: Lair:2-3    Spider: Lair:2-3

Altars:
Ashenzari
Cheibriados
Dithmenos
Elyvilon
Fedhas
Gozag
Hepliaklqana
Kikubaaqudgha
Makhleb
Nemelex Xobeh
Okawaru
Qazlal
Ru
Sif Muna
Trog
Uskayaw
Vehumet
Wu Jian
Xom
Yredelemnul
Zin
The Shining One

Shops:
D:6 (   D:7 (

Annotations:
D:6 3 runed translucent doors, s4kkeboi's ghost, novice FeSu


Innate Abilities, Weirdness & Mutations

Your spellcasting is much less encumbered by armour.
You can use scrolls of enchantment on lesser artefacts.


Message History

The blink frog is engulfed in blazing flames.
You kill the blink frog!
The black mamba bites you!
* * * LOW HITPOINT WARNING * * *
A cane toad comes into view.
Unknown command.
You hit the bullfrog.
The bullfrog is heavily wounded.
You are engulfed in blazing flames.
You resist.
* * * LOW HITPOINT WARNING * * *
The wyvern bites you.
* * * LOW HITPOINT WARNING * * *
The bullfrog hits you but does no damage.
The black mamba misses you. The blink frog hits you.
* * * LOW HITPOINT WARNING * * *
The wyvern bites you but does no damage.
The bullfrog completely misses you. The black mamba bites you.
* * * LOW HITPOINT WARNING * * *
You are lethally poisoned!
The black mamba poisons you!
You feel much better.
You are engulfed in blazing flames.
You resist.
* * * LOW HITPOINT WARNING * * *
You feel very sick. The blink frog closely misses you.
The black mamba bites you but does no damage.
The bullfrog hits you but does no damage.
The wyvern bites you.
* * * LOW HITPOINT WARNING * * *
The bullfrog is distracted by your dazzling golden aura.
The blink frog blinks! x2
The bullfrog croaks.
You are engulfed in blazing flames.
You resist.
* * * LOW HITPOINT WARNING * * *
You feel very sick.
The bullfrog is no longer distracted by gold.
The black mamba bites you!
* * * LOW HITPOINT WARNING * * *
The wyvern bites you!
You die...
Your body crumbles into a pile of gold.

...###+. ... ..
.... #...
.##....F. .F.#.
.$..#..##....#
#............
..#......§..#..
.....⌠FFk⌠...#
#...§§@§....#
.....§.§S⌠.....
.....§.§....#..
..#......##.#
#....$.##. ..
.#.$..F .. .#
..###.. .# . ..
#$# #.


You could see a black mamba, a cane toad, 2 blink frogs, a wyvern and 2
bullfrogs.

Vanquished Creatures
  4 two-headed ogres
  Pikel (D:6)
  A manticore (D:11)
  Maurice (D:8)
  A black mamba (Lair:1)
  4 elephants (Lair:1)
  2 cane toads (Lair:1)
  Maggie (D:8)
  An unseen horror (D:10)
  A kobold demonologist (D:11)
  A rime drake (D:10)
  Psyche (D:8)
  3 komodo dragons (Lair:1)
  A troll (D:10)
  A blink frog (Lair:2)
  23 yaks
  A shadow (D:10)
  A wraith (D:8)
  A wyvern (Lair:2)
  4 vampire mosquitoes (D:11)
  3 acid dragons
  6 water moccasins
  2 sky beasts (D:6)
  3 ice beasts (D:11)
  An ogre (D:6)
  4 orc warriors
  2 black bears
  3 wolves (D:11)
  2 lemures (D:6)
  7 bullfrogs
  6 scorpions
  14 wights
  13 killer bees
  7 howler monkeys
  A jelly (D:3)
  A bombardier beetle (D:4)
  2 hounds
  8 orc priests
  3 gnoll boudas
  An iguana (D:7)
  2 sleepcaps
  14 orc wizards
  26 gnolls
  5 adders
  A white imp (D:7)
  A ribbon worm (D:2)
  50 orcs
  4 bats
  19 endoplasms
  6 giant cockroaches
  6 hobgoblins
  6 quokkas
  8 ball pythons
  8 frilled lizards
  8 goblins
  12 kobolds
  9 rats
328 creatures vanquished.

Vanquished Creatures (others)
  483 foxfires
483 creatures vanquished.

Grand Total: 811 creatures vanquished

Notes
Turn   | Place    | Note
-------+----------+-------------------------------------------
     0 | D:1      | Finalfun the Mountain Dwarf Fire Elementalist began the
                  | quest for the Orb.
     0 | D:1      | Reached XP level 1. HP: 14/14 MP: 3/3
    71 | D:1      | Found a faded altar of an unknown god.
    95 | D:1      | Reached skill level 4 in Fire Magic
   136 | D:1      | Reached skill level 1 in Conjurations
   138 | D:1      | Reached XP level 2. HP: 20/20 MP: 0/4
   528 | D:1      | Learned a level 2 spell: Scorch
   768 | D:1      | Reached XP level 3. HP: 27/27 MP: 3/6
  1263 | D:2      | Found a sparkling altar of Nemelex Xobeh.
  1402 | D:2      | Reached XP level 4. HP: 34/34 MP: 4/7
  1430 | D:2      | Reached skill level 1 in Fighting
  1745 | D:2      | Learned a level 3 spell: Inner Flame
  1827 | D:3      | Reached XP level 5. HP: 16/40 MP: 1/9
  1905 | D:3      | Reached skill level 5 in Fire Magic
  2982 | D:3      | Found an iron altar of Okawaru.
  3126 | D:4      | Reached XP level 6. HP: 30/47 MP: 2/10
  3555 | D:4      | Found a basalt altar of Yredelemnul.
  3594 | D:4      | Found a glowing silver altar of Zin.
  3799 | D:4      | Found a staircase to the Ecumenical Temple.
  3807 | D:4      | Reached skill level 6 in Fire Magic
  4129 | D:4      | Reached XP level 7. HP: 46/52 MP: 4/12
  4451 | D:5      | Entered Level 5 of the Dungeon
  4660 | D:5      | Reached skill level 1 in Hexes
  4864 | D:5      | Found a glowing golden altar of the Shining One.
  4870 | D:5      | Reached skill level 7 in Fire Magic
  5545 | D:5      | Learned a level 4 spell: Flame Wave
  5611 | D:6      | Found Seboqa Ramp's Antique Weapon Shop.
  5672 | D:6      | Reached XP level 8. HP: 59/59 MP: 5/14
  5987 | D:6      | Found a runed translucent gate.
  5988 | D:6      | Found a runed translucent gate.
  5988 | D:6      | Noticed s4kkeboi's ghost (novice FeSu)
  5989 | D:6      | Found a runed translucent gate.
  5989 | D:6      | Noticed a kobold demonologist
  5995 | D:6      | Noticed Pikel
  6027 | D:6      | Killed Pikel
  6028 | D:6      | Reached skill level 5 in Spellcasting
  6028 | D:6      | Reached skill level 5 in Conjurations
  6028 | D:6      | Reached skill level 8 in Fire Magic
  6646 | D:7      | Reached skill level 5 in Fighting
  6774 | D:7      | Reached XP level 9. HP: 24/74 MP: 9/16
  7290 | D:7      | Found Camnoingac's Weapon Shop.
  7583 | D:7      | Reached skill level 9 in Fire Magic
  7962 | D:7      | Reached skill level 10 in Fire Magic
  8819 | D:8      | You fall into a shaft and drop 1 floor!
  9023 | D:9      | Reached skill level 1 in Evocations
  9457 | D:9      | Reached XP level 10. HP: 65/81 MP: 10/18
  9599 | D:8      | Noticed Maurice
  9602 | D:8      | Maurice stole a +6 ring of dexterity
  9603 | D:8      | Maurice stole a flux talisman
  9604 | D:8      | Killed Maurice
  9674 | D:8      | Noticed Maggie
  9684 | D:8      | Killed Maggie
  9685 | D:8      | Reached skill level 5 in Evocations
 10007 | D:8      | Noticed Psyche
 10012 | D:8      | Killed Psyche
 10541 | D:9      | Noticed a two-headed ogre
 10546 | D:9      | Killed a two-headed ogre
 10547 | D:9      | Reached skill level 11 in Fire Magic
 11417 | Temple   | Entered the Ecumenical Temple
 11446 | Temple   | Became a worshipper of Gozag Ym Sagoz the Greedy
 11530 | D:6      | Bought a fine scimitar for 180 gold pieces
 11530 | D:6      | Identified the +8 scimitar "Effabriph" {protect, rN+
                  | Stlth+} (You bought it in a shop on level 6 of the Dungeon)
 11633 | D:10     | Entered Level 10 of the Dungeon
 11662 | D:10     | Found a burning altar of Makhleb.
 11662 | D:10     | Noticed an Executioner
 11852 | D:10     | Reached skill level 1 in Long Blades
 12016 | D:10     | Reached XP level 11. HP: 79/91 MP: 8/21
 12172 | D:10     | Noticed a two-headed ogre
 12176 | D:10     | Killed a two-headed ogre
 12233 | D:10     | Found a sacrificial altar of Ru.
 12246 | D:10     | Identified the +3 rapier of the Unkillable {drain, +Blink
                  | rCorr Dex+3}
 13143 | D:11     | Noticed a sun demon
 13565 | D:11     | Noticed a two-headed ogre
 13570 | D:11     | Killed a two-headed ogre
 13767 | D:11     | Reached skill level 12 in Fire Magic
 13885 | D:11     | Noticed a two-headed ogre
 13890 | D:11     | Killed a two-headed ogre
 13899 | D:11     | Reached skill level 5 in Long Blades
 14076 | D:11     | Found a staircase to the Lair.
 14446 | D:11     | Found a staircase to the Orcish Mines.
 14704 | Lair:1   | Entered Level 1 of the Lair of Beasts
 14832 | Lair:1   | Reached XP level 12. HP: 100/100 MP: 2/24
 16163 | Lair:2   | HP: 1/100 [black mamba (8)]
 16163 | Lair:2   | Mangled by a wyvern

Illustrated notes

Levels and vault maps discovered:
D:1:      lightli_arrival_boilingwater, layout_rooms,
          ebering_ecumenical_altar_ruins, minmay_misc_feat_four_crosses
D:2:      layout_rooms, basic_altar
D:3:      cheibrodos_fertilizer, layout_loops_corners,
          mainiacjoe_overflow_alcove_4, chequers_serial_rivers_large_a
D:4:      old_forge, layout_rooms, amcnicky_altar_gilded,
          mainiacjoe_overflow_brackets, minmay_temple_entry_glassed_door
D:5:      layout_cave_pods, marbit_many_paths
D:6:      layout_loops_ring, gammafunk_ghost_nasty_kobolds, serial_shops,
          shop_statue, uniq_pikel
D:7:      layout_rooms, serial_shops, shop, minmay_misc_feat_x,
          nicolae_tricolors
D:8:      layout_loops_corners, uniq_maurice, uniq_maggie, uniq_psyche
D:9:      layout_basic
D:10:     layout_loops_ring, makhleb_altar_promises_db,
          nicolae_ru_great_annihilating_truth, corexii_leaking_fountain
D:11:     layout_basic, hellmonk_lair_entry_icy, hiddenorc1_lemuel
Temple:   kb_temple_of_zot
Lair:1:   layout_cave_pods
Lair:2:   layout_regular_city, elwin_shoals_entry_rocks, hellmonk_talismancer,
          grunt_megastairs_2

Skill      XL: |  1  2  3  4  5  6  7  8  9 10 11 |
---------------+----------------------------------+-----
Fire Magic     | 4 5 6 7 8 10 11 12 | 12.6
Conjurations   | 1 2 3 4 5 7 8 |  8.6
Spellcasting   | 2 3 4 5 7 8 |  8.5
Fighting       | 1 5 6 7 |  7.0
Hexes          | 2 3 |  3.0
Evocations     | 3 5 |  5.0
Long Blades    | 1 6 |  6.9
Short Blades   | |  0.7
Armour         | |  0.7
Dodging        | |  1.3
Stealth        | |  1.4

Action                     |  1- 3 |  4- 6 |  7- 9 | 10-12 || total
---------------------------+-------+-------+-------+-------++-------
  Melee: Unarmed           |     7 |       |       |       ||     7
         Dagger            |    23 |    20 |       |       ||    43
         Short sword       |       |    33 |    30 |       ||    63
         Flail             |       |       |    79 |    43 ||   122
         Scimitar          |       |       |       |   129 ||   129
  Throw: Stone             |       |       |    22 |     8 ||    30
   Cast: Foxfire           |    70 |    61 |    91 |    64 ||   286
         Scorch            |       |    42 |    54 |    93 ||   189
         Inner Flame       |       |       |    18 |    48 ||    66
         Flame Wave        |       |       |     3 |    12 ||    15
    Use: Scroll            |       |     4 |     6 |     7 ||    17
         Potion            |       |     1 |     1 |     3 ||     5
   Stab: Sleeping          |     1 |       |       |       ||     1
         Distracted        |       |       |       |     1 ||     1
         Invisible         |       |       |       |     1 ||     1
         Paralysed         |       |       |       |     1 ||     1
 Armour: Robe              |    18 |       |       |       ||    18
         Leather armour    |     4 |    10 |       |       ||    14
         Fire dragon scale |       |    43 |   176 |   283 ||   502
         Skin              |       |       |       |    15 ||    15
  Dodge: Dodged            |    20 |    19 |    87 |    83 ||   209

Table legend: (Time is in decaauts)
 A = Elapsed time spent in this place.
 B = Non-inter-level travel time spent in this place.
 C = Inter-level travel time spent in this place.
 D = Time resting spent in this place.
 E = Time spent auto-exploring this place.
 F = Levels seen in this place.
 G = Mean time per level.
                   A        B        C        D        E       F      G
               +--------+--------+--------+--------+--------+-----+--------+
         Total |  16259 |  15468 |    791 |   4083 |   9074 |  14 | 1161.4 |
       Dungeon |  14738 |  14048 |    690 |   3722 |   8200 |  11 | 1339.8 |
        Temple |     58 |      2 |     56 |      0 |      0 |   1 |   58.0 |
          Lair |   1461 |   1417 |     44 |    361 |    874 |   2 |  730.5 |
               +--------+--------+--------+--------+--------+-----+--------+

Top non-repeatable levels by time:
     D:6: 1608 daAuts
    D:11: 1585 daAuts
     D:3: 1561 daAuts
     D:9: 1527 daAuts
    D:10: 1510 daAuts
     D:8: 1468 daAuts
  Lair:1: 1453 daAuts
     D:7: 1369 daAuts
     D:5: 1184 daAuts
     D:4: 1176 daAuts
     D:2: 880 daAuts
     D:1: 868 daAuts
  Temple: 58 daAuts
  Lair:2: 7 daAuts
